 Dungeon Crawl Stone Soup version 0.27-a0-1206-g6342a01c75 (webtiles) character file.

Game seed: 8806733691220349519

14444 Delamore the Spear-Bearer (level 12, -1/91 HPs)
             Began as a Formicid Fighter on June 5, 2021.
             Was a High Priest of Qazlal.
             Slain by a minotaur
             ... wielding a +4 vorpal war axe
              (6 damage)
             ... in a Gauntlet.
             The game lasted 00:21:59 (13117 turns).

Delamore the Spear-Bearer (Formicid Fighter)       Turns: 13117, Time: 00:21:59

Health: -1/91      AC: 17    Str: 20    XL:     12   Next: 45%
Magic:  0/12       EV:  8    Int:  9    God:    Qazlal [*****.]
Gold:   353        SH: 19    Dex: 16    Spells: 11/11 levels left

rFire    + + .     SeeInvis +   m - +4 trident (venom)
rCold    x . .     Faith    .   c - +1 kite shield
rNeg     . . .     Spirit   +   J - +2 fire dragon scales
rPois    .         Reflect  .   (helmet unavailable)
rElec    .         Harm     .   (no cloak)
rCorr    +         Rampage  .   e - +0 pair of gloves
Will     ++...                  (no boots)
Stlth    +.........             x - amulet of guardian spirit
HPRegen  0.25/turn              h - +6 ring of dexterity
MPRegen  0.13/turn              v - ring of Olidof {Will+ rCorr Str-5 Slay+4 Stlth+}

@: mighty, protected from physical damage, repel missiles
A: permanent stasis, dig shafts and tunnels, antennae 3, four strong arms
a: Dig, Renounce Religion, Upheaval, Elemental Force, Disaster Area


You were in a Gauntlet.
You worshipped Qazlal.
Qazlal was extremely pleased with you.
You visited 1 branch of the dungeon, and saw 12 of its levels.
You also visited: Ossuary, Bailey and Gauntlet.

You collected 476 gold pieces.
You spent 123 gold pieces at shops.

Inventory:

Hand Weapons
 b - a +0 glaive
 m - a +4 trident of venom (weapon)
Missiles
 l - 30 poisoned darts (quivered)
 n - a boomerang
 s - 3 boomerangs of dispersal
 G - 4 silver javelins
Armour
 c - a +1 kite shield (worn)
 e - a +0 pair of gloves (worn)
 B - a +1 plate armour of willpower
 D - a +2 plate armour of positive energy
 J - +2 fire dragon scales (worn)
Jewellery
 h - a +6 ring of dexterity (left hand)
 k - a +4 ring of evasion
 p - a ring of fire
 v - the ring of Olidof (right hand) {Will+ rCorr Str-5 Slay+4 Stlth+}
   (You found it in a Gauntlet)

   [ring of willpower]

   It affects your strength (-5).
   It affects your accuracy and damage with ranged weapons and melee attacks
   (+4).
   It protects you from acid and corrosion.
   It increases your willpower.
   It makes you more stealthy.
 x - an amulet of guardian spirit (around neck)
 E - a ring of resist corrosion
 H - a ring of ice
Wands
 a - a wand of digging (6)
 o - a wand of flame (25)
 y - a wand of paralysis (10)
Scrolls
 i - 3 scrolls of enchant armour
 u - 2 scrolls of enchant weapon
 C - a scroll of fog
 I - a scroll of fear
Potions
 d - 2 potions of might
 f - 5 potions of curing
 g - a potion of lignification
 j - a potion of attraction
 q - a potion of ambrosia
 r - a potion of invisibility {unknown}
 t - 2 potions of mutation
 w - a potion of heal wounds
 z - a potion of flight
 A - a potion of resistance {unknown}
 F - a potion of brilliance {unknown}


   Skills:
 + Level 7.3 Fighting
 - Level 3.0 Maces & Flails
 - Level 14.0 Polearms
 - Level 6.0 Throwing
 + Level 9.3 Armour
 - Level 7.0 Shields


You had 11 spell levels left.
You didn't know any spells.
Your spell library contained the following spells:

 Spells                   Type           Power      Damage    Failure   Level
 Animate Skeleton         Necr           0%         N/A       88%         1
 Apportation              Tloc           0%         N/A       88%         1
 Corona                   Hex            0%         N/A       88%         1
 Summon Small Mammal      Summ           0%         N/A       88%         1


Dungeon Overview and Level Annotations

Branches:
Dungeon (11/15)            Temple (0/1) D:5            Lair (0/6) D:8
    Orc (0/2) D:10        Ossuary (visited)          Bailey (visited)
Gauntlet (1/1)

Altars:
Dithmenos
Fedhas
Qazlal
Sif Muna
The Shining One

Shops:
D:8 (!*!*

Annotations:
Gauntlet 6 transporters, 2 runed translucent doors


Innate Abilities, Weirdness & Mutations

You cannot be hasted, slowed, berserked, paralysed or teleported.
You can dig through walls and to a lower floor.
You have a pair of large antennae on your head. (SInv)
Your four strong arms can wield two-handed weapons with a shield.


Message History

You swap places.
You feel better.
Okay, then.
Okay, then.
Okay, then.
You feel very mighty all of a sudden.
You swap places.
The minotaur throws a silver javelin.
The silver javelin barely misses you.
Reach: m) +4 trident (venom)
Press: ? - help, Dir - move target, f - minotaur
Aim: a minotaur, wielding a +4 vorpal war axe, wearing quicksilver dragon scales, wearing the +4 kite shield of a Million Things {Regen+ Int+3}, wearing the ring of Hipyepp {rPois Str+5} and quivering silver javelins (ally target, about 19% to evade your +4 trident of venom)
Okay, then.
The minotaur hits you with a +4 vorpal war axe!
You block the minotaur's attack.
You puncture the minotaur!
The minotaur is lightly wounded.
The minotaur hits you with a +4 vorpal war axe!!
The minotaur gores you but does no damage.
You hit the minotaur but do no damage.
The minotaur is lightly wounded.
You puncture the minotaur!
The minotaur is moderately wounded.
The minotaur barely misses you. The minotaur gores you.
You barely miss the minotaur.
The minotaur furiously retaliates!
The minotaur headbutts you, but does no damage.
The minotaur is moderately wounded.
The minotaur blocks your attack.
The minotaur is moderately wounded.
Your fire elemental disappears in a puff of smoke!
The minotaur barely misses you. You block the minotaur's attack.
You hit the minotaur but do no damage.
The minotaur is moderately wounded.
The minotaur hits you with a +4 vorpal war axe!
* * * LOW HITPOINT WARNING * * *
x2 You block the minotaur's attack.
You feel much better.
The minotaur hits you with a +4 vorpal war axe!!!
* * * LOW HITPOINT WARNING * * *
You feel protected from physical attacks.
You die...

#8.©.8©#.###.8.#
8.8.8.!#..##....
...8..$#...#.8.#
.s8#8Bs#.∩.#...# #
########...#.©.# .#
...#.....8.#...###.
########...#.©.#.☼
.......#.∩.#...#H# ###
..#.#..#...#.8☼#@#.....
..#.#..#..##...°......8#
..#©#.§#.###.8.###.##.##
..#.#..#.≈##.... ...
..#.#..#.≈≈#.8.# ###
.......#.≈##...#
########.#######
.........≈# ≈≈≈#≈≈≈#≈≈≈#


You could see a minotaur.

Vanquished Creatures
  A boulder beetle (D:9)
  2 two-headed ogres
  An obsidian statue (Gauntlet)
  A wizard (Gauntlet)
  An ugly thing (D:11)
  An orc knight (Bailey)
  A kobold demonologist (D:10)
  2 trolls
  3 hornets
  4 shadows
  3 redbacks (D:9)
  2 wyverns (D:9)
  A wraith (D:9)
  7 yaks
  A steam dragon (D:7)
  An acid dragon (D:10)
  2 water moccasins
  3 ice beasts
  16 orc warriors
  2 sky beasts
  A black bear (D:6)
  2 necrophages (D:7)
  An ogre (D:6)
  A phantom (D:6)
  3 centaurs
  3 bullfrogs
  2 kobold brigands (D:11)
  A water moccasin zombie (D:5)
  A water moccasin skeleton (D:5)
  9 killer bees
  A howler monkey (D:5)
  12 wights
  2 lava snakes (D:9)
  3 centaur zombies
  3 hounds
  2 bullfrog zombies
  3 jellies
  6 orc priests
  2 gnoll shamans
  A bullfrog skeleton (D:5)
  2 centaur skeletons (D:7)
  Jessica (D:2)
  14 orc wizards
  A killer bee zombie (D:7)
  A hound skeleton (D:5)
  3 mummies (Ossuary)
  A howler monkey zombie (D:6)
  15 gnolls
  10 adders
  A white imp (Gauntlet)
  3 dart slugs
  2 worms
  67 orcs
  11 bats
  9 endoplasms
  2 giant cockroaches
  7 goblins
  6 hobgoblins
  6 jackals
  5 quokkas
  13 ball pythons
  4 frilled lizards
  A gnoll zombie (Ossuary)
  3 goblin zombies (Ossuary)
  15 kobolds
  3 orc zombies (Ossuary)
  3 rats
323 creatures vanquished.

Vanquished Creatures (collateral kills)
  2 shadows (Gauntlet)
2 creatures vanquished.

Vanquished Creatures (others)
  A plant (D:2)
1 creature vanquished.

Grand Total: 326 creatures vanquished

Notes
Turn   | Place    | Note
-------+----------+-------------------------------------------
     0 | D:1      | Delamore the Formicid Fighter began the quest for the Orb.
     0 | D:1      | Reached XP level 1. HP: 18/18 MP: 1/1
   338 | D:1      | Reached XP level 2. HP: 24/24 MP: 2/2
   726 | D:1      | Found a faded altar of an unknown god.
   736 | D:1      | Became a worshipper of Qazlal Stormbringer
   736 | D:1      | Reached * piety under Qazlal
   790 | D:1      | Reached XP level 3. HP: 29/29 MP: 3/3
  1069 | D:2      | Reached skill level 3 in Polearms
  1139 | D:2      | Reached XP level 4. HP: 37/37 MP: 4/4
  1142 | D:2      | Reached ** piety under Qazlal
  1264 | D:2      | Noticed Jessica
  1274 | D:2      | Killed Jessica
  1771 | D:1      | Reached XP level 5. HP: 24/42 MP: 5/5
  2315 | D:3      | Reached skill level 4 in Polearms
  2742 | D:3      | Reached XP level 6. HP: 34/49 MP: 6/6
  3537 | D:3      | Found a shimmering blue altar of Sif Muna.
  3548 | D:3      | Reached skill level 5 in Shields
  3923 | D:4      | Reached *** piety under Qazlal
  4120 | D:4      | Reached skill level 5 in Polearms
  4160 | D:4      | Reached XP level 7. HP: 55/55 MP: 7/7
  4182 | D:4      | Reached skill level 5 in Fighting
  4182 | D:4      | Reached skill level 1 in Maces & Flails
  4495 | D:4      | Found a glowing golden altar of the Shining One.
  4560 | D:5      | Entered Level 5 of the Dungeon
  4568 | D:5      | Noticed a water moccasin
  4580 | D:5      | Killed a water moccasin
  4859 | D:5      | Found a sand-covered staircase.
  4873 | D:5      | Reached XP level 8. HP: 59/62 MP: 8/8
  4892 | Ossuary  | Entered an ossuary
  5303 | D:5      | Found a staircase to the Ecumenical Temple.
  5593 | D:5      | Reached skill level 6 in Polearms
  5743 | D:5      | Reached **** piety under Qazlal
  6100 | D:6      | Reached skill level 7 in Polearms
  6233 | D:6      | Reached skill level 8 in Polearms
  6233 | D:6      | Reached XP level 9. HP: 54/68 MP: 9/9
  6304 | D:6      | Found a shadowy altar of Dithmenos.
  6437 | D:6      | Reached skill level 9 in Polearms
  7223 | D:7      | Reached skill level 10 in Polearms
  7345 | D:7      | Found a flagged portal.
  7354 | D:7      | Reached ***** piety under Qazlal
  7384 | Bailey   | Entered a bailey
  7423 | Bailey   | Reached skill level 11 in Polearms
  7493 | Bailey   | Reached XP level 10. HP: 74/74 MP: 10/10
  7952 | Bailey   | Noticed an orc knight
  8003 | Bailey   | Reached skill level 12 in Polearms
  8024 | Bailey   | Killed an orc knight
  9078 | D:8      | Found Fyivune's Antique Weapon Emporium.
  9129 | D:8      | Found Houh's Distillery.
  9399 | D:8      | Bought a potion of heal wounds for 65 gold pieces
  9439 | D:8      | Reached skill level 13 in Polearms
  9541 | D:8      | Reached skill level 1 in Throwing
  9646 | D:8      | Found a staircase to the Lair.
  9781 | D:8      | Found Zapt's Distillery.
  9786 | D:8      | Bought a potion of flight for 36 gold pieces
  9818 | D:8      | Reached XP level 11. HP: 79/79 MP: 11/11
  9890 | D:8      | Found Rezul's Assorted Antiques.
  9896 | D:8      | Bought a ruby potion for 22 gold pieces
 10286 | D:8      | Found Hiacs's General Store.
 10449 | D:9      | Reached skill level 5 in Armour
 10669 | D:9      | Noticed a two-headed ogre
 10681 | D:9      | Killed a two-headed ogre
 11052 | D:9      | Found a runed translucent door.
 11081 | D:9      | Reached skill level 14 in Polearms
 11179 | D:9      | Identified the -4 hat of Qaud {rCorr Dex+4}
 11184 | D:9      | Noticed a boulder beetle
 11201 | D:9      | Killed a boulder beetle
 11202 | D:9      | Reached skill level 5 in Throwing
 11370 | D:10     | Entered Level 10 of the Dungeon
 11568 | D:10     | Found a staircase to the Orcish Mines.
 11696 | D:10     | Reached XP level 12. HP: 70/86 MP: 10/12
 11795 | D:10     | Found a blossoming altar of Fedhas.
 12379 | D:11     | Noticed a two-headed ogre
 12388 | D:11     | Killed a two-headed ogre
 12645 | D:11     | Identified the +3 chain mail "Paumm" {Str+2 Dex+3}
 12675 | D:11     | You fall into a shaft and drop 2 floors!
 12675 | D:13     | Noticed a two-headed ogre
 12692 | D:13     | Found a gate leading to a gauntlet.
 12701 | D:13     | Noticed a two-headed ogre
 12702 | Gauntlet | Entered a Gauntlet
 12702 | Gauntlet | Found a transporter.
 12702 | Gauntlet | Found a transporter.
 12703 | Gauntlet | Noticed a tengu warrior
 12706 | Gauntlet | Found a transporter.
 12710 | Gauntlet | Found a transporter.
 12710 | Gauntlet | Found a transporter.
 12740 | Gauntlet | Found a runed translucent door.
 12742 | Gauntlet | Found a runed translucent door.
 12744 | Gauntlet | Found a transporter.
 12748 | Gauntlet | Found a transporter.
 12752 | Gauntlet | Noticed an entropy weaver
 12761 | Gauntlet | Found a transporter.
 12777 | Gauntlet | Found a transporter.
 12791 | Gauntlet | Found a transporter.
 12795 | Gauntlet | Found a transporter.
 12799 | Gauntlet | Found a runed translucent door.
 12810 | Gauntlet | Found a transporter.
 12971 | Gauntlet | Noticed a soul eater
 12983 | Gauntlet | Identified the ring of Olidof {Will+ rCorr Str-5 Slay+4
                  | Stlth+}
 13104 | Gauntlet | Identified the +4 kite shield of a Million Things {Regen+
                  | Int+3}
 13104 | Gauntlet | Identified the ring of Hipyepp {rPois Str+5}
 13104 | Gauntlet | Noticed a minotaur
 13117 | Gauntlet | Slain by a minotaur

Illustrated notes

Levels and vault maps discovered:
D:1:      dpeg_arrival_castle, layout_basic, ebering_ecumenical_altar_hall
D:2:      layout_basic, serial_bayou_pond_d, uniq_jessica
D:3:      layout_basic, kennysheep_orc_sif_temple
D:4:      layout_basic, tso_oasis_becter, hangedman_decor_push
D:5:      layout_loops_cross, temple_doors_e, enter_ossuary_1
D:6:      layout_gridville, nicolae_overflow_crystal_walls, hex_tiny
D:7:      layout_basic, enter_bailey_5, minmay_misc_feat_encased
D:8:      layout_basic, lair_entry_dummy, serial_shops, kennysheep_little_box,
          shop, shop, nicolae_shop_crystal, nicolae_shop_overgrown_old_shop,
          kennysheep_generic_room_14
D:9:      gammafunk_indiana_jones, layout_irregular_city
D:10:     layout_long_grid, overflow_temple_1_default, david_orc_2,
          kennysheep_flooded_box
D:11:     layout_rooms, uniq_nergalle
D:13:     minmay_tri_stars, layout_rooms, gauntlet_entry_generic
Gauntlet: minmay_gauntlet_77_indecision [minmay_gauntlet_arena_77_two_lines,
          minmay_gauntlet_arena_77_braids, minmay_gauntlet_arena_77_path,
          minmay_gauntlet_arena_77_cramped,
          minmay_gauntlet_arena_77_chump_sandwich,
          minmay_gauntlet_arena_77_terracotta_army,
          nicolae_gauntlet_exit_dead_adventurers]

Skill      XL: |  1  2  3  4  5  6  7  8  9 10 11 12 |
---------------+-------------------------------------+-----
Shields        | 4 5 6 7 |  7.0
Polearms       | 3 4 5 8 11 13 14 | 14.0
Fighting       | 4 5 7 |  7.3
Maces & Flails | 3 |  3.0
Throwing       | 1 6 |  6.0
Armour         | 4 7 9 |  9.3

Action                   |  1- 3 |  4- 6 |  7- 9 | 10-12 || total
-------------------------+-------+-------+-------+-------++-------
Melee: Trident           |   108 |   170 |   275 |   611 ||  1164
       Whip              |       |    99 |    54 |       ||   153
Throw: Boomerang         |       |       |       |    41 ||    41
       Dart              |       |       |       |    21 ||    21
       Javelin           |       |       |       |     4 ||     4
Invok: Elemental Force   |       |       |       |     1 ||     1
 Abil: Dig               |       |     1 |     8 |     9 ||    18
Evoke: Wand              |       |       |       |     1 ||     1
  Use: Scroll            |     2 |     2 |     9 |     4 ||    17
       Potion            |       |       |       |     4 ||     4
Armor: Scale mail        |    38 |    75 |    34 |       ||   147
       Chain mail        |       |       |    13 |     7 ||    20
       Plate armour      |       |       |       |    48 ||    48
       Fire dragon scale |       |       |       |     2 ||     2
Dodge: Dodged            |    17 |    59 |    84 |    67 ||   227
Block: Kite shield       |    61 |   177 |   261 |   305 ||   804

Table legend: (Time is in decaauts)
 A = Elapsed time spent in this place.
 B = Non-inter-level travel time spent in this place.
 C = Inter-level travel time spent in this place.
 D = Time resting spent in this place.
 E = Time spent auto-exploring this place.
 F = Levels seen in this place.
 G = Mean time per level.
                   A        B        C        D        E       F      G
               +--------+--------+--------+--------+--------+-----+--------+
         Total |  13071 |  12580 |    491 |   1625 |   8117 |  15 |  871.4 |
       Dungeon |  11446 |  10955 |    491 |   1313 |   7568 |  12 |  953.8 |
       Ossuary |    284 |    284 |      0 |      7 |    182 |   1 |  284.0 |
        Bailey |    945 |    945 |      0 |    218 |    359 |   1 |  945.0 |
      Gauntlet |    395 |    395 |      0 |     87 |      8 |   1 |  395.0 |
               +--------+--------+--------+--------+--------+-----+--------+

Top non-repeatable levels by time:
     D:3: 1505 daAuts
     D:8: 1260 daAuts
     D:1: 1199 daAuts
     D:4: 1162 daAuts
     D:7: 1082 daAuts
     D:2: 1071 daAuts
     D:6: 1035 daAuts
    D:10: 955 daAuts
     D:9: 950 daAuts
  Bailey: 945 daAuts
     D:5: 904 daAuts
Gauntlet: 395 daAuts
    D:11: 289 daAuts
 Ossuary: 284 daAuts
    D:13: 29 daAuts
